Map: World of Sleepers LE

Players

Astrea - Winner!

  • Race: Protoss Protoss
  • Spawn Location: 7:00

Super

  • Race: Protoss Protoss
  • Spawn Location: 1:00

Event: IEM Katowice 2020

VOD

Have the link to the VOD?

Description

Time

  • Played on: Feb. 24, 2020, 4:36 a.m.
  • Length: 10:55

All games in this series

Show
View Real Time Build Order
Export as new Build Order

Astrea Protoss - Winner!

Build Orders: Oracle Opening, Zealot Archon 

Get SALT Encoding   

  12  0:00  Probe  
  13  0:12  Probe  
  14  0:16  Pylon  
  14  0:25  Probe (Chrono Boost)  
  16  0:36  Gateway  
  16  0:37  Probe (Chrono Boost)  
  16  0:43  Probe (Chrono Boost)  
  16  0:45  Assimilator  
  17  0:51  Probe  
  17  0:54  Assimilator  
  18  1:03  Probe (Chrono Boost)  
  19  1:06  Gateway  
  19  1:12  Probe (Chrono Boost)  
  19  1:17  Probe (Chrono Boost)  
  20  1:23  Cybernetics Core  
  21  1:29  Probe  
  22  1:35  Pylon  
  22  1:41  Probe  
  23  1:54  Probe  
  24  2:00  Stargate  
  24  2:01  Warp Gate  
  24  2:08  Stalker  
  24  2:15  Pylon  
  26  2:17  Stalker  
  27  2:44  Oracle (Chrono Boost)  
  30  2:58  Probe, Nexus  
  30  3:03  Sentry  
  33  3:08  Shield Battery  
  33  3:10  Probe  
  34  3:16  Pylon  
  34  3:22  Probe  
  35  3:34  Robotics Facility  
  35  3:35  Probe (Chrono Boost)  
  36  3:47  Probe (Chrono Boost)  
  37  3:50  Sentry  
  37  3:52  Probe (Chrono Boost)  
  40  4:01  Probe  
  41  4:10  Probe  
  41  4:13  Probe  
  43  4:19  Stalker x2  
  43  4:21  Observer (Chrono Boost)  
  43  4:22  Probe  
  49  4:25  Probe  
  47  4:36  Probe (Chrono Boost)  
  47  4:37  Probe (Chrono Boost)  
  49  4:45  Immortal  
  53  4:47  Observer  
  53  4:49  Probe (Chrono Boost)  
  53  4:50  Forge  
  53  4:52  Probe (Chrono Boost)  
  55  4:54  Probe (Chrono Boost)  
  55  4:56  Observer  
  55  4:58  Probe  
  57  5:03  Pylon  
  57  5:04  Probe  
  58  5:11  Probe (Chrono Boost)  
  58  5:14  Assimilator  
  59  5:16  Assimilator  
  59  5:19  Protoss Ground Weapons Level 1 (Chrono Boost)  
  59  5:23  Probe (Chrono Boost)  
  59  5:27  Probe (Chrono Boost), Immortal (Chrono Boost)  
  65  5:30  Pylon  
  65  5:35  Probe x2 (Chrono Boost)  
  66  5:37  Twilight Council  
  67  5:45  Probe  
  67  5:48  Probe  
  69  5:55  Zealot x2  
  73  6:00  Gateway  
  73  6:01  Gateway  
  73  6:06  Warp Prism (Chrono Boost)  
  73  6:09  Pylon  
  75  6:13  Charge (Chrono Boost)  
  75  6:15  Templar Archives  
  75  6:25  Pylon, Photon Cannon  
  75  6:26  Zealot  
  75  6:30  Zealot  
  79  6:34  Phoenix  
  81  6:47  Gateway  
  81  6:49  Gateway  
  81  6:57  Observer  
  81  6:59  High Templar x2, Photon Cannon x2  
  85  7:02  Shield Battery  
  85  7:03  Archon  
  85  7:11  High Templar x2  
  89  7:16  Archon  
  89  7:21  Observer  
  90  7:25  Gateway  
  90  7:27  Gateway  
  90  7:28  Pylon  
  90  7:29  Pylon  
  89  7:37  Zealot x2  
  82  7:39  Probe  
  77  7:51  Probe x2  
  77  7:55  Pylon  
  77  8:09  Protoss Ground Weapons Level 2 (Chrono Boost), Probe (Chrono Boost)  
  77  8:10  Probe (Chrono Boost)  
  79  8:18  Probe (Chrono Boost)  
  79  8:19  Probe (Chrono Boost)  
  81  8:23  Probe (Chrono Boost)  
  81  8:24  Probe (Chrono Boost)  
  81  8:26  High Templar x2, Zealot x3  
  93  8:32  Archon  
  93  8:35  Probe x2  
  95  8:42  Pylon x2  
  95  8:54  Nexus  
  95  9:12  Probe  
  95  9:21  Probe  
  95  9:23  High Templar x3  
  95  9:24  High Templar, Zealot x4  
  104  9:26  Probe  
  104  9:28  Archon x2  
  113  9:33  Probe  
  114  9:38  Probe  
  114  9:40  Pylon  
  114  9:41  Pylon  
  115  9:46  Probe  
  115  9:50  Probe  
  117  9:54  High Templar x2, Zealot x2  
  117  9:59  Archon  
  125  10:04  Zealot x4  
  133  10:10  Pylon  
  133  10:14  Pylon  
  133  10:17  Pylon  
  133  10:20  Pylon  
  133  10:31  Zealot x5  
  133  10:34  Zealot  
  109  10:48  Zealot x3  
  92  10:51  Zealot x4  
  100  10:53  Zealot  
Show
View Real Time Build Order
Export as new Build Order

Super Protoss 

Build Orders: Zealot Archon, Dark Templar Rush 

Get SALT Encoding   

  12  0:00  Probe  
  13  0:13  Probe  
  14  0:17  Pylon  
  14  0:25  Probe  
  15  0:36  Gateway  
  15  0:37  Probe (Chrono Boost)  
  16  0:46  Probe (Chrono Boost)  
  16  0:47  Assimilator  
  17  0:51  Probe (Chrono Boost)  
  17  0:55  Assimilator  
  18  1:03  Probe (Chrono Boost)  
  19  1:09  Gateway  
  19  1:12  Probe (Chrono Boost)  
  19  1:17  Probe (Chrono Boost)  
  21  1:26  Cybernetics Core  
  21  1:30  Probe  
  22  1:39  Pylon  
  22  1:43  Probe  
  23  2:00  Warp Gate (Chrono Boost)  
  24  2:03  Sentry, Stalker  
  27  2:12  Twilight Council  
  27  2:14  Probe  
  28  2:23  Pylon  
  28  2:43  Probe  
  29  2:49  Dark Shrine  
  29  2:52  Shield Battery  
  29  2:55  Stalker  
  30  3:14  Nexus  
  30  3:22  Probe  
  28  3:34  Probe  
  29  3:41  Pylon  
  29  3:47  Probe  
  30  4:01  Dark Templar x2  
  34  4:05  Probe  
  35  4:17  Probe, Robotics Facility  
  36  4:28  Probe  
  36  4:29  Probe  
  38  4:36  Dark Templar  
  38  4:40  Probe (Chrono Boost)  
  38  4:42  Probe (Chrono Boost)  
  40  4:52  Probe (Chrono Boost)  
  40  4:53  Probe (Chrono Boost)  
  40  4:58  Probe x2 (Chrono Boost)  
  42  5:07  Probe, Observer  
  43  5:08  Probe  
  43  5:10  Gateway  
  43  5:13  Gateway  
  45  5:25  Gateway x2  
  45  5:30  Warp Prism (Chrono Boost)  
  47  5:38  Pylon  
  47  5:49  Gateway x2, Resonating Glaives (Chrono Boost)  
  47  5:55  Twilight Council  
  47  5:59  Dark Templar  
  47  6:01  Probe x2, Assimilator  
  51  6:19  Pylon  
  51  6:27  Adept x2  
  51  6:28  Adept  
  57  6:33  Adept  
  57  6:38  Pylon  
  59  6:45  Adept, Pylon  
  61  6:49  Adept x4  
  69  7:00  Pylon  
  69  7:01  Pylon  
  69  7:09  Archon  
  69  7:11  Adept  
  69  7:12  Adept x5  
  81  7:36  Adept x6  
  68  7:47  Probe (Chrono Boost)  
  68  7:48  Probe (Chrono Boost), Charge (Chrono Boost)  
  68  7:49  Forge  
  68  7:51  Assimilator  
  70  7:57  Probe x2 (Chrono Boost)  
  72  8:02  Probe x2 (Chrono Boost)  
  74  8:06  Protoss Ground Weapons Level 1 (Chrono Boost)  
  66  8:17  Dark Templar x2  
  70  8:24  Archon  
  70  8:25  Sentry, Zealot x3  
  78  8:29  Immortal (Chrono Boost)  
  82  8:50  Zealot  
  82  8:52  Zealot x4  
  92  8:57  Pylon  
  92  9:01  Pylon  
  92  9:15  Immortal  
  96  9:22  Nexus  
  96  9:25  Pylon  
  96  9:32  Templar Archives  
  96  9:50  Zealot x6  
  108  9:54  Pylon  
  108  10:05  Pylon  
  108  10:08  Pylon  
  108  10:11  High Templar  
  108  10:12  High Templar x3  
  116  10:15  Pylon  
  116  10:16  Archon x2  
  116  10:22  Pylon  
  115  10:30  Zealot x2  
  80  10:48  Zealot x4  

Tags
 
Add a new tag
Caveats
  • Supply blocks, unpowered buildings, or Contaminate may cause inaccurate times.
  • Supply counts are checked every 10 seconds.